 Dungeon Crawl Stone Soup version 0.31-a0-880-g9a209b2425 (webtiles) character file.

Game seed: 7468877099970446725

11160 Querens the Blocker (level 12, 0/97 HPs)
             Began as a Formicid Fighter on Oct 15, 2023.
             Was an Elder of Okawaru.
             Killed by divine providence
             ... invoked by an orc priest
              (13 damage)
             ... on level 1 of the Orcish Mines.
             The game lasted 00:23:45 (7039 turns).

Querens the Blocker (Formicid Fighter)              Turns: 7039, Time: 00:23:45

Health: 0/97       AC: 17    Str: 25    XL:     12   Next: 4%
Magic:  12/17      EV: 11    Int:  9    God:    Okawaru [****..]
Gold:   585        SH: 17    Dex: 13    Spells: 11/11 levels left

rFire   . . .        a - +0 war axe
rCold   . . .        v - +0 tower shield {reflect}
rNeg    . . .        i - +0 plate armour
rPois   .            (helmet unavailable)
rElec   .            m - +0 cloak
rCorr   .            q - +0 pair of gloves
SInv    +            (no boots)
Will    +....        n - amulet of regeneration Stlth
                     z - +5 ring of evasion
HPRegen 1.16/turn    (no ring)
MPRegen 0.15/turn

%: reflection
@: mighty, finesse-ful
A: permanent stasis, dig shafts and tunnels, antennae 3, four strong arms, claws
1
a: Dig, Shaft Self, Renounce Religion, Heroism, Finesse


You were on level 1 of the Orcish Mines.
You worshipped Okawaru.
Okawaru was greatly pleased with you.
You visited 3 branches of the dungeon, and saw 12 of its levels.

You collected 585 gold pieces.

Inventory:

Hand Weapons
 a - a +0 war axe (weapon)
 C - the +9 mace of Suijyrch {heavy, rN++ Str+5 Dex-2}
   (You found it on level 8 of the Dungeon)

   Str+5:     It affects your strength (+5).
   Dex-2:     It affects your dexterity (-2).
   rN++:      It greatly protects you from negative energy.
Missiles
 B - a curare-tipped dart
Armour
 e - a scarf of shadows
 g - a +2 chain mail of cold resistance
 i - a +0 plate armour (worn)
 m - a +0 cloak (worn)
 q - a +0 pair of gloves (worn)
 v - a +0 tower shield of reflection (worn)
 A - a +1 chain mail of positive energy
Jewellery
 c - a ring of fire
 f - an amulet of guardian spirit
 h - a ring of flight
 n - an amulet of regeneration (around neck)
 r - an amulet of reflection
 s - a ring of ice
 z - a +5 ring of evasion (left hand)
Wands
 y - a wand of polymorph (8)
 D - a wand of mindburst (16)
Scrolls
 j - 2 scrolls of fear {unknown}
 k - 2 scrolls of fog {unknown}
 o - 3 scrolls of identify
 p - a scroll of enchant weapon {unknown}
 u - a scroll of silence {unknown}
 w - a scroll of torment {unknown}
 x - a scroll of vulnerability {unknown}
 E - a scroll of immolation {unknown}
 F - a scroll of revelation {unknown}
 H - a scroll of poison {unknown}
Potions
 b - 4 potions of lignification
 l - a potion of enlightenment


   Skills:
 + Level 10.1 Fighting
 + Level 9.0 Axes
 + Level 10.1 Armour
 + Level 12.0 Shields
 + Level 6.8 Invocations


You had 11 spell levels left.
You didn't know any spells.
Your spell library contained the following spells:

 Spells                   Type           Power      Damage    Failure   Level
 Freeze                   Ice            0%         1d3       100%        1
 Frozen Ramparts          Ice            0%         1d1       100%        3
 Hailstorm                Conj/Ice       0%         3d3       100%        3


Dungeon Overview and Level Annotations

Branches:
Dungeon (10/15)            Temple (1/1) D:7            Lair (0/5) D:8
    Orc (1/2) D:10

Altars:
Ashenzari
Cheibriados
Dithmenos
Elyvilon
Fedhas
Gozag
Hepliaklqana
Kikubaaqudgha
Makhleb
Nemelex Xobeh
Okawaru
Qazlal
Ru
Sif Muna
Trog
Uskayaw
Vehumet
Wu Jian
Xom
Yredelemnul
Zin
The Shining One


Innate Abilities, Weirdness & Mutations

You cannot be hasted, slowed, berserked, paralysed or teleported.
You can dig through walls and to a lower floor.
You have a pair of large antennae on your head. (SInv)
Your four strong arms can wield two-handed weapons with a shield.
You have sharp fingernails.


Message History

The neqoxec disappears in a puff of smoke!
Your base Axes skill increases to level 9!
Your base Shields skill increases to level 12!
You have reached level 12!
You feel stronger.
You now have 585 gold pieces (gained 18).
Items here: ))) [[[[ | †.
You feel like a meek peon again.
An orc warrior and an orc come into view.
The orc shouts!
An orc priest comes into view. It is wielding a +0 whip.
An orc comes into view. It is wielding a +0 club.
The orc moves out of view.
The orc priest invokes the aid of Beogh against you.
Beogh smites you!
The orc warrior hits you with a +0 glaive!
* * * LOW HITPOINT WARNING * * *
You slash the orc warrior!
The orc warrior is moderately wounded.
You slash the orc warrior!
The orc warrior is heavily wounded.
The orc warrior hits you with a +0 glaive!
* * * LOW HITPOINT WARNING * * *
You hit the orc warrior but do no damage.
The orc warrior is heavily wounded.
You barely miss the orc.
The orc priest casts a cantrip, but nothing happens.
You slash the orc!
You kill the orc!
Okawaru accepts your kill.
You slash the orc warrior! You slice the orc warrior!!
You kill the orc warrior!
Okawaru accepts your kill.
You barely miss the orc. You slice the orc!!
You kill the orc!
The orc priest calls down the wrath of Beogh upon you.
Beogh smites you!
You die...

...... .......
.................
..... ...........#
...... ..........#
......##.........#
................#
..........#o...#
........#..)@#, ##
.$.......#..## ,..#
............### ..##
.........#...))##....#
.....>...#...)).)...#
...............)$..##
...............#.###
........#.....####
.............##


You could see an orc priest.

Vanquished Creatures
  Snorg (Orc:1)
  Fannar (Orc:1)
  An orc sorcerer (Orc:1)
  Joseph (D:7)
  A gargoyle (D:10)
  A komodo dragon (D:10)
  An unseen horror (D:10)
  A troll (Orc:1)
  2 hornets
  A shadow (D:10)
  2 wyverns
  A vampire (D:7)
  Eustachio (D:4)
  13 yaks
  2 steam dragons (D:8)
  An acid dragon (D:10)
  A water moccasin (D:6)
  3 ice beasts
  11 orc warriors
  2 sky beasts
  3 black bears
  6 centaurs
  A kobold brigand (D:8)
  Blork the orc (D:6)
  5 bullfrogs
  A gnoll sergeant (D:9)
  4 scorpions
  3 killer bees (D:6)
  6 howler monkeys
  3 jellies
  8 orc priests
  A gnoll bouda (D:6)
  3 iguanas
  Jessica (D:3)
  15 orc wizards
  2 sleepcaps (D:6)
  12 gnolls
  8 adders
  2 ufetubi (D:6)
  A worm (D:2)
  3 dart slugs
  60 orcs
  10 ball pythons
  5 endoplasms
  14 goblins
  3 hobgoblins
  3 jackals (D:1)
  3 quokkas
  6 bats
  6 kobolds
  7 rats
254 creatures vanquished.

Notes
Turn   | Place    | Note
-------+----------+-------------------------------------------
     0 | D:1      | Querens the Formicid Fighter began the quest for the Orb.
     0 | D:1      | Reached XP level 1. HP: 18/18 MP: 1/1
    54 | D:1      | Reached XP level 2. HP: 24/24 MP: 2/2
   246 | D:1      | Reached XP level 3. HP: 28/29 MP: 3/3
   547 | D:2      | Reached XP level 4. HP: 35/37 MP: 4/4
  1500 | D:3      | Reached XP level 5. HP: 36/42 MP: 5/5
  1505 | D:3      | Reached skill level 5 in Shields
  1727 | D:3      | Found a shimmering blue altar of Sif Muna.
  1996 | D:3      | Noticed Jessica
  2002 | D:3      | Killed Jessica
  2056 | D:4      | Reached XP level 6. HP: 49/49 MP: 6/6
  2058 | D:4      | Found a broken altar of Ashenzari.
  2060 | D:4      | Noticed Eustachio
  2104 | D:4      | Killed Eustachio
  2179 | D:4      | Found a sparkling altar of Nemelex Xobeh.
  2179 | D:4      | Found a transporter.
  2212 | D:4      | Reached XP level 7. HP: 55/55 MP: 7/7
  2221 | D:4      | Reached skill level 6 in Shields
  2266 | D:4      | Reached skill level 5 in Fighting
  2266 | D:4      | Reached skill level 5 in Armour
  2758 | D:5      | Entered Level 5 of the Dungeon
  2844 | D:5      | Reached XP level 8. HP: 55/63 MP: 8/8
  3013 | D:5      | Noticed a wyvern
  3029 | D:4      | Reached skill level 7 in Shields
  3269 | D:5      | Found a radiant altar of Vehumet.
  3270 | D:5      | Found an iron altar of Okawaru.
  3278 | D:5      | Became a worshipper of Warmaster Okawaru
  3281 | D:5      | Found a basalt altar of Yredelemnul.
  3285 | D:5      | Found a hide-covered altar of Uskayaw.
  3337 | D:5      | Killed a wyvern
  3338 | D:5      | Reached skill level 5 in Axes
  3526 | D:6      | Reached * piety under Okawaru
  3546 | D:6      | Reached XP level 9. HP: 52/71 MP: 9/9
  3556 | D:6      | Reached skill level 8 in Shields
  3625 | D:6      | Noticed Blork the orc
  3637 | D:6      | Killed Blork the orc
  3802 | D:6      | Reached ** piety under Okawaru
  4046 | D:7      | Reached skill level 9 in Shields
  4083 | D:7      | Noticed a hornet
  4098 | D:7      | Killed a hornet
  4173 | D:7      | Reached XP level 10. HP: 80/80 MP: 10/10
  4208 | D:7      | Reached skill level 1 in Invocations
  4237 | D:7      | Found a staircase to the Ecumenical Temple.
  4367 | D:7      | Noticed Joseph
  4382 | D:7      | Killed Joseph
  4382 | D:7      | Reached *** piety under Okawaru
  4478 | D:7      | Found a glowing silver altar of Zin.
  4564 | D:7      | HP: 1/80 [vampire/vampiric draining (11)]
  4570 | D:7      | Reached skill level 10 in Shields
  4578 | Temple   | Entered the Ecumenical Temple
  4814 | D:8      | Reached **** piety under Okawaru
  5043 | D:8      | Found a staircase to the Lair.
  5200 | D:8      | Identified the +9 mace of Suijyrch {heavy, rN++ Str+5
                  | Dex-2}
  5505 | D:8      | Found a blossoming altar of Fedhas.
  5533 | D:8      | Found a shadowy altar of Dithmenos.
  5595 | D:9      | Reached XP level 11. HP: 77/89 MP: 14/14
  5896 | D:9      | Reached skill level 5 in Invocations
  6180 | D:10     | Entered Level 10 of the Dungeon
  6258 | D:10     | Reached skill level 11 in Shields
  6266 | D:10     | Reached ***** piety under Okawaru
  6608 | D:10     | Received a gift from Okawaru
  6630 | D:10     | Gained mutation: You have sharp fingernails. [potion of
                  | mutation]
  6633 | Arena    | Entered the Arena
  6699 | D:10     | Found a staircase to the Orcish Mines.
  6904 | Orc:1    | Entered Level 1 of the Orcish Mines
  6924 | Orc:1    | Noticed Snorg
  6945 | Orc:1    | Killed Snorg
  6999 | Orc:1    | Noticed Fannar
  7012 | Orc:1    | Noticed an orc sorcerer
  7024 | Orc:1    | Killed Fannar
  7025 | Orc:1    | Reached skill level 10 in Fighting
  7025 | Orc:1    | Reached skill level 10 in Armour
  7026 | Orc:1    | Killed an orc sorcerer
  7027 | Orc:1    | Reached skill level 12 in Shields
  7027 | Orc:1    | Reached XP level 12. HP: 42/97 MP: 10/17
  7039 | Orc:1    | Killed from afar by an orc priest

Illustrated notes

Levels and vault maps discovered:
D:1:      heliophobic_arrival_battle_scene, layout_rooms, minivault_23
D:2:      layout_basic, st_stairs_5
D:3:      layout_basic, kennysheep_orc_sif_temple, uniq_jessica
D:4:      layout_loops_ring, nicolae_ashenzari_skybound,
          grunt_nemelex_the_gamble, uniq_eustachio
D:5:      layout_basic, minitemple, solitary_fountain
D:6:      layout_loops_ring, uniq_blork_the_orc
D:7:      layout_basic, lemuel_coloured_pillars_altar,
          minmay_temple_entry_statues, corner_web_ring, uniq_joseph
D:8:      layout_basic, mainiacjoe_overflow_two_lobes, lair_entry_dummy,
          small_statue_alley_b
D:9:      layout_loops_ring
D:10:     layout_roguey, david_orc_4
Temple:   hellmonk_temple_flake
Orc:1:    layout_caves, lemuel_statue_altar, uniq_fannar, uniq_nergalle,
          uniq_snorg

Skill      XL: |  1  2  3  4  5  6  7  8  9 10 11 |
---------------+----------------------------------+-----
Armour         | 4 5 6 7 9 10 | 10.1
Fighting       | 4 5 6 7 9 10 | 10.1
Shields        | 5 6 7 9 10 12 | 12.0
Axes           | 3 4 5 6 7 9 |  9.0
Invocations    | 4 6 |  6.8

Action                     |  1- 3 |  4- 6 |  7- 9 | 10-12 || total
---------------------------+-------+-------+-------+-------++-------
  Melee: War axe           |    86 |   123 |   338 |   521 ||  1068
 Invoke: Heroism           |       |       |       |     4 ||     4
         Finesse           |       |       |       |     1 ||     1
         Duel              |       |       |       |     1 ||     1
Ability: Dig               |       |     2 |       |       ||     2
  Evoke: Wand              |       |       |       |     7 ||     7
    Use: Scroll            |       |       |     7 |     1 ||     8
         Potion            |       |       |       |     7 ||     7
   Stab: Invisible         |       |       |       |     5 ||     5
 Armour: Scale mail        |    28 |       |       |       ||    28
         Plate armour      |    52 |   205 |   311 |   368 ||   936
  Dodge: Dodged            |    38 |    73 |   125 |   236 ||   472
  Block: Buckler           |    25 |    53 |    25 |       ||   103
         Tower shield      |       |       |   292 |   605 ||   897
         Reflection        |       |       |       |    20 ||    20

Table legend: (Time is in decaauts)
 A = Elapsed time spent in this place.
 B = Non-inter-level travel time spent in this place.
 C = Inter-level travel time spent in this place.
 D = Time resting spent in this place.
 E = Time spent auto-exploring this place.
 F = Levels seen in this place.
 G = Mean time per level.
                   A        B        C        D        E       F      G
               +--------+--------+--------+--------+--------+-----+--------+
         Total |   7386 |   6655 |    731 |      0 |      0 |  13 |  568.2 |
       Dungeon |   7218 |   6491 |    727 |      0 |      0 |  10 |  721.8 |
        Temple |      1 |      1 |      0 |      0 |      0 |   1 |    1.0 |
  Orcish Mines |    134 |    130 |      4 |      0 |      0 |   1 |  134.0 |
         Arena |     31 |     31 |      0 |      0 |      0 |   1 |   31.0 |
               +--------+--------+--------+--------+--------+-----+--------+

Top non-repeatable levels by time:
     D:8: 992 daAuts
     D:2: 946 daAuts
     D:4: 824 daAuts
     D:6: 721 daAuts
    D:10: 716 daAuts
     D:3: 693 daAuts
     D:9: 650 daAuts
     D:7: 621 daAuts
     D:5: 604 daAuts
     D:1: 448 daAuts
   Orc:1: 134 daAuts
   Arena: 31 daAuts
  Temple: 1 daAuts
